 Dungeon Crawl Stone Soup version 0.29-a0-233-g1125b37a9b (webtiles) character file.

Game seed: 8851906980469622391

690 jfcaron the Skirmisher (level 7, -6/56 HPs)
             Began as a Demonspawn Cinder Acolyte on Mar 2, 2022.
             Was an Initiate of Qazlal.
             Mangled by a fire elemental (9 damage)
             ... created by the fiery vengeance of Ignis
             ... on level 8 of the Dungeon.
             The game lasted 00:10:52 (5135 turns).

jfcaron the Skirmisher (Demonspawn Cinder Acolyte)  Turns: 5135, Time: 00:10:53

Health: -6/56      AC: 14    Str: 16    XL:     7   Next: 36%
Magic:  0/8        EV:  4    Int: 15    God:    Qazlal [......]
Gold:   134        SH:  0    Dex:  9    Spells: 6/8 levels left

rFire   . . .      SeeInvis .   p - +1 hand axe (drain)
rCold   . . .      Faith    .   (no shield)
rNeg    . . .      Spirit   +   n - +0 plate armour
rPois   .          Reflect  .   (helmet restricted)
rElec   .          Harm     .   (no cloak)
rCorr   .          Rampage  .   (no gloves)
Will    .....                   g - +2 pair of boots
Stlth   ..........              (no amulet)
HPRegen 0.18/turn               (no ring)
MPRegen 0.22/turn               (no ring)

@: fire susceptible
A: antennae 2, magic shield, magic regeneration
a: Renounce Religion


You were on level 8 of the Dungeon.
You worshipped Qazlal.
Qazlal was noncommittal.
You visited 2 branches of the dungeon, and saw 7 of its levels.

You collected 134 gold pieces.

Inventory:

Hand Weapons
 a - a -1 hand axe of flaming
 o - a +2 dagger of venom
 p - a +1 hand axe of draining (weapon)
 t - a +1 vorpal hand axe
 u - a +0 glaive of flaming
 v - a +2 scythe of freezing
Missiles
 r - 4 javelins
 y - 6 curare-tipped darts {!f}
Armour
 b - a +0 robe
 g - a +2 pair of boots (worn)
 i - a +0 ring mail
 j - a +0 chain mail
 n - a +0 plate armour (worn)
Magical Staves
 s - a staff of earth
Scrolls
 c - a scroll of silence {unknown}
 e - 3 scrolls of enchant armour
 k - a scroll of immolation {unknown}
 l - a scroll of summoning
 m - a scroll of teleportation
Potions
 d - a potion of resistance
 f - a potion of might {unknown}
 h - 3 potions of haste
 q - a potion of berserk rage {unknown}
 w - 2 potions of heal wounds
 x - 2 potions of brilliance {unknown}


   Skills:
 + Level 5.4 Fighting
 + Level 4.9 Axes
 + Level 3.6 Armour
 - Level 1.0 Spellcasting
 - Level 3.0 Fire Magic
 + Level 2.4 Invocations


You had 6 spell levels left.
You knew the following spells:

 Your Spells              Type           Power      Damage    Failure   Level
a - Scorch                Fire           18%        2d5       99%         2

Your spell library contained the following spells:

 Spells                   Type           Power      Damage    Failure   Level
 Animate Skeleton         Necr           0%         N/A       100%        1
 Pain                     Necr           0%         1d4       100%        1
 Poisonous Vapours        Pois/Air       0%         N/A       100%        2
 Vampiric Draining        Necr           0%         2d6       100%        3
 Animate Dead             Necr           0%         N/A       100%        4
 Leda's Liquefaction      Hex/Erth       0%         N/A       100%        4
 Agony                    Necr           0%         N/A       100%        5
 Lee's Rapid Deconstruct  Erth           0%         3d5*      100%        5
 Statue Form              Tmut/Erth      0%         N/A       100%        6
 Maxwell's Capacitive Co  Air            0%         ∞         100%        8


Dungeon Overview and Level Annotations

Branches:
Dungeon (4/15)             Temple (1/1) D:4

Altars:
Cheibriados
Fedhas
Hepliaklqana
Makhleb
Nemelex Xobeh
Qazlal
Ru
Uskayaw
Vehumet
The Shining One


Innate Abilities, Weirdness & Mutations

You have a pair of antennae on your head.
When hurt, damage is shared between your health and your magic reserves.
You regenerate magic rapidly.


Message History

You closely miss something. Something hits you but does no damage.
You closely miss something. Something completely misses you.
You barely miss something. Something hits you but does no damage.
You barely miss something. Something hits you but does no damage.
You closely miss something.
You hear some strange, mumbled words.
A magic dart appears from out of thin air!
The magic dart hits you but does no damage.
You hit something. Qazlal accepts your kill.
Reactivating autopickup.
You feel a bit more experienced. "My hands, my teeth, my burning tears: these will never betray me!" 2 fire elementals come into view.
You completely miss the orc. The orc hits you but does no damage.
You hit the orc.
The orc is moderately wounded.
The orc hits you but does no damage.
You hit the orc.
You kill the orc!
Qazlal accepts your kill.
You hit the fire elemental. You closely miss the fire elemental.
The fire elemental hits you. The fire elemental burns you!
The fire elemental hits you. The fire elemental burns you!
You hit the orc.
The orc is lightly wounded.
You hit the fire elemental.
You hit the fire elemental but do no damage.
The fire elemental hits you. The fire elemental burns you!
The fire elemental hits you. The fire elemental burns you!
The orc hits you but does no damage. The fire elemental hits you.
The fire elemental burns you!
* * * LOW HITPOINT WARNING * * *
The fire elemental hits you. The fire elemental burns you!
* * * LOW HITPOINT WARNING * * *
You barely miss the orc.
The orc is lightly wounded.
You hit the fire elemental but do no damage. x2
The fire elemental hits you. The fire elemental burns you!
You die...

#.# ### #.# ..# #.#
#/# #.# #.# #.# #.#
#.# #.# #.# #o# #.#
######@## #.#
.......EE########.#
#######..°......[.#
##.########## #.#
#.# #.# #.# #.##


You could see 2 fire elementals and an orc.

Vanquished Creatures
  Sigmund (D:3)
  A bullfrog (D:8)
  A scorpion (D:4)
  3 howler monkeys (D:8)
  An iron imp (D:5)
  Natasha (thrice) (D:3)
  An orc wizard (D:8)
  An iguana (D:4)
  Terence (D:2)
  2 adders
  2 worms
  3 dart slugs (D:2)
  2 orcs (D:8)
  5 bats
  3 endoplasms
  4 giant cockroaches
  6 goblins
  5 hobgoblins
  8 jackals
  5 kobolds
  5 quokkas
  8 ball pythons
  3 frilled lizards
  2 goblin skeletons (D:5)
  A goblin zombie (D:5)
  2 hobgoblin zombies (D:5)
  2 kobold skeletons (D:5)
  3 orc zombies (D:5)
  6 rats
  26 foxfires
  3 plants (D:1)
119 creatures vanquished.

Notes
Turn   | Place    | Note
-------+----------+-------------------------------------------
     0 | D:1      | jfcaron the Demonspawn Cinder Acolyte began the quest for
                  | the Orb.
     0 | D:1      | Reached XP level 1. HP: 18/18 MP: 2/2
   112 | D:1      | Got the Almanac of Floating Necromancy
   654 | D:1      | Gained mutation: You regenerate magic rapidly. [demonic
                  | ancestry]
   654 | D:1      | Reached XP level 2. HP: 24/24 MP: 3/3
   667 | D:1      | Learned a level 2 spell: Scorch
  1236 | D:2      | Reached XP level 3. HP: 27/29 MP: 4/4
  1287 | D:2      | Found a faded altar of an unknown god.
  1337 | D:2      | Noticed Terence
  1343 | D:2      | Killed Terence
  1344 | D:2      | Reached skill level 1 in Armour
  1527 | D:2      | Gained mutation: When hurt, damage is shared between your
                  | health and your magic reserves. [demonic ancestry]
  1527 | D:2      | Reached XP level 4. HP: 37/37 MP: 5/5
  2490 | D:3      | Reached skill level 4 in Fighting
  2527 | D:3      | Noticed Sigmund
  2536 | D:3      | Killed Sigmund
  2537 | D:3      | Gained mutation: You have a pair of small antennae on your
                  | head. [demonic ancestry]
  2537 | D:3      | Reached XP level 5. HP: 28/43 MP: 4/6
  2537 | D:3      | Reached XP level 6. HP: 32/49 MP: 4/7
  2905 | D:3      | Noticed Natasha
  2910 | D:3      | Found a hazy altar of Hepliaklqana.
  2914 | D:3      | Killed Natasha
  3246 | D:3      | Noticed Natasha
  3260 | D:3      | Killed Natasha
  3689 | D:3      | Found a hazy altar of Hepliaklqana.
  3996 | D:3      | Noticed Natasha
  4002 | D:3      | Killed Natasha
  4208 | D:4      | Reached skill level 5 in Fighting
  4409 | D:4      | Found a staircase to the Ecumenical Temple.
  4431 | Temple   | Entered the Ecumenical Temple
  4468 | Temple   | Fell from the grace of Ignis
  4468 | Temple   | Became a worshipper of Qazlal Stormbringer
  4810 | D:4      | You fall into a shaft and drop 1 floor!
  4810 | D:5      | Entered Level 5 of the Dungeon
  4843 | D:5      | Reached skill level 1 in Invocations
  4955 | D:5      | You fall into a shaft and drop 3 floors!
  4968 | D:8      | Gained mutation: You have a pair of antennae on your head.
                  | [demonic ancestry]
  4968 | D:8      | Reached XP level 7. HP: 50/56 MP: 8/8
  5064 | D:8      | Noticed a fire elemental
  5064 | D:8      | Noticed a fire elemental
  5077 | D:8      | Noticed a fire elemental
  5077 | D:8      | Noticed a fire elemental
  5077 | D:8      | Noticed a fire elemental
  5131 | D:8      | Noticed a fire elemental
  5131 | D:8      | Noticed a fire elemental
  5134 | D:8      | HP: 11/56 [fire elemental[the fiery vengeance of Ignis]
                  | (6)]
  5134 | D:8      | HP: 3/56 [fire elemental[the fiery vengeance of Ignis] (8)]
  5135 | D:8      | Mangled by a fire elemental

Illustrated notes

Levels and vault maps discovered:
D:1:      sevenhm_arrival_forest_fort_large_4, layout_basic
D:2:      layout_loops_cross, shapermc_ecumenical_altar_mp_highgroup,
          uniq_terence
D:3:      layout_basic, general_overflow_altar, mrwooster_statue_mirror,
          uniq_natasha, uniq_sigmund
D:4:      cheibrodos_barr_body, layout_loops_cross,
          minmay_temple_entry_crystal_x
D:5:      cheibrodos_fzero, layout_loops_ring, nicolae_tso_besieged_by_evil,
          nicolae_shop_sticking_my_neck_out
D:8:      layout_loops_ring, biasface_ghost_orc_armoury
Temple:   regret_index_temple_sphere_string

Skill      XL: |  1  2  3  4  5  6  7 |
---------------+----------------------+-----
Axes           | 3 4 |  4.9
Fire Magic     | 3 |  3.0
Armour         | 1 2 3 |  3.6
Fighting       | 4 5 |  5.4
Invocations    | 1 2 |  2.4
Spellcasting   | |  1.0

Action                   |  1- 3 |  4- 6 |  7- 9 || total
-------------------------+-------+-------+-------++-------
Melee: Hand axe          |    96 |   111 |    37 ||   244
       Dagger            |     4 |    49 |       ||    53
       Punch             |       |     1 |       ||     1
Throw: Javelin           |       |     1 |       ||     1
       Dart              |       |     4 |       ||     4
 Cast: Scorch            |     3 |       |       ||     3
Invok: Foxfire Swarm     |     1 |     1 |       ||     2
       Fiery Armour      |     1 |     1 |       ||     2
  Use: Scroll            |       |     7 |     2 ||     9
 Stab: Sleeping          |     1 |       |       ||     1
Armor: Robe              |    15 |       |       ||    15
       Ring mail         |     3 |       |       ||     3
       Chain mail        |    37 |       |       ||    37
       Plate armour      |     4 |   119 |    39 ||   162
Dodge: Dodged            |    40 |    38 |     6 ||    84

Table legend: (Time is in decaauts)
 A = Elapsed time spent in this place.
 B = Non-inter-level travel time spent in this place.
 C = Inter-level travel time spent in this place.
 D = Time resting spent in this place.
 E = Time spent auto-exploring this place.
 F = Levels seen in this place.
 G = Mean time per level.
                   A        B        C        D        E       F      G
               +--------+--------+--------+--------+--------+-----+--------+
         Total |   5172 |   5031 |    141 |    743 |   3493 |   7 |  738.9 |
       Dungeon |   5109 |   4993 |    116 |    743 |   3470 |   6 |  851.5 |
        Temple |     62 |     37 |     25 |      0 |     23 |   1 |   62.0 |
               +--------+--------+--------+--------+--------+-----+--------+

Top non-repeatable levels by time:
     D:3: 2275 daAuts
     D:1: 1140 daAuts
     D:2: 991 daAuts
     D:4: 373 daAuts
     D:8: 181 daAuts
     D:5: 146 daAuts
  Temple: 62 daAuts
